cohdb
Replays
Latest Replays
All Replays
Popular Replays
Top Player Replays
Match Explorer
How It Works
Community
CoH3 Stats
Reddit
Sign in to upload your games and track your stats! →
Sign in with Steam
Match 41773387
Unlisted
Match 41773387
Overview
Messages
Build Orders
End
Panzergrenadier Squad
Panzergrenadier Squad
Selects Italian Infantry
250 Light Carrier
Construct Light Support Kompanie
Panzerjäger Squad
Fire Support Elements
Pak 38 Mechanized Group
Selects Guastatori Squad
Guastatori Squad
Combat Half-tracks
Selects Registered Artillery
Registered Artillery
Guastatori Squad
Pak 38 Mechanized Group
Selects Defensive Operations
Selects Territory Booby Traps
2.5-tonne Medical Truck
Guastatori Squad
Construct Panzerarmee Kommand
Sergeant
superkazah
Sarmynation
Zimmermann
0
0
Comments
sign in to comment!
No comments posted yet!